AAA
LONG ISLAND NAVIGATORS @ RICHMOND RAMS
07/18/2059
 
TOP OF THE 1ST
Long Island Navigators batting - Pitching for Richmond Rams : RHP Curt Webber
Pitching: RHP Curt Webber
Batting: LHB Triston Harris 0-0: Foul Ball, location: 2F
0-1: Called Strike
0-2: Ball
1-2: SINGLE (Line Drive, 7S, EV 91.9 MPH)
Batting: RHB Clifton Brown 0-0: Ball
1-0: Called Strike
1-1: Foul Ball, location: 2F
1-2: Ball
2-2: Foul Ball, location: 2F
2-2: Foul Ball, location: 2F
2-2: Foul Ball, location: 2F
2-2: Strikes out swinging
Batting: RHB Kenneth Waters 0-0: Ball
1-0: Foul Ball, location: 2F
1-1: Fly out, F5 (Popup, 5F, EV 67.5 MPH)
Batting: RHB Henry Klar 0-0: Ball
1-0: Called Strike
1-1: Ball
2-1: Foul Ball, location: 2F
2-2: DOUBLE (Flyball, 8RXD, EV 103.1 MPH)
Triston Harris to third
Runner from 3rd tries for Home, SAFE, throw by CF to trailing runner, SAFE at third!
Batting: LHB Grant Lucien 0-0: Called Strike
0-1: Ball
1-1: Ball
2-1: SINGLE (Groundball, 13S, EV 64.4 MPH) (infield hit)
Henry Klar scores
Batting: SHB Anthone Ornelas 0-0: Ground out 4-3 (Groundball, 4, EV 92.5 MPH)
Top of the 1st over - 2 runs, 3 hits, 0 errors, 1 left on base; Long Island 2 - Richmond 0
BOTTOM OF THE 1ST
Richmond Rams batting - Pitching for Long Island Navigators : RHP Logan Klonowski
Pitching: RHP Logan Klonowski
Batting: RHB Linton Makepeace 0-0: Called Strike
0-1: Swinging Strike
0-2: Fly out, F8 (Flyball, 8LD, EV 98.8 MPH)
Batting: RHB Joseph Gazdaru 0-0: Called Strike
0-1: Ball
1-1: Ball
2-1: Foul Ball, location: 2F
2-2: Ball
3-2: Base on Balls
Batting: RHB Louis Hockney 0-0: Ball
1-0: Swinging Strike
1-1: Swinging Strike
1-2: Foul Ball, location: 2F
1-2: Ball
2-2: Strikes out swinging
Batting: LHB Logan Sparks 0-0: Called Strike
0-1: Ball
1-1: Fielders Choice at 2nd, 6-4 (Groundball, 6, EV 105.0 MPH)
Bottom of the 1st over - 0 runs, 0 hits, 0 errors, 1 left on base; Long Island 2 - Richmond 0
TOP OF THE 2ND
Long Island Navigators batting - Pitching for Richmond Rams : RHP Curt Webber
Batting: RHB Jon Bowers 0-0: Ball
1-0: SINGLE (Groundball, 6MD, EV 106.9 MPH)
Batting: RHB Seth Benatar 0-0: Foul Ball, location: 2F
0-1: Ball
1-1: Swinging Strike
1-2: Foul Ball, location: 2F
1-2: Ground out 6-3 (Groundball, P, EV 91.2 MPH)
Jon Bowers to second
Batting: RHB Martin Bates 0-0: Ball
1-0: Called Strike
1-1: Ball
2-1: Ground out 6-3 (Groundball, 6, EV 84.4 MPH)
Batting: LHB Triston Harris 0-0: Called Strike
0-1: Ball
1-1: Ground out U3 (Groundball, 3, EV 110.0 MPH)
Top of the 2nd over - 0 runs, 1 hit, 0 errors, 1 left on base; Long Island 2 - Richmond 0
BOTTOM OF THE 2ND
Richmond Rams batting - Pitching for Long Island Navigators : RHP Logan Klonowski
Batting: RHB Jeremy Hollabaugh 0-0: Ground out 5-3 (Groundball, 5S, EV 66.2 MPH)
Batting: LHB Jess Hajiev 0-0: Called Strike
0-1: Swinging Strike
0-2: Strikes out looking
Batting: RHB Joey Shelton 0-0: Ball
1-0: Ball
2-0: Ball
3-0: Called Strike
3-1: Foul Ball, location: 2F
3-2: Fly out, F8 (Flyball, 78M, EV 94.4 MPH)
Bottom of the 2nd over - 0 runs, 0 hits, 0 errors, 0 left on base; Long Island 2 - Richmond 0
TOP OF THE 3RD
Long Island Navigators batting - Pitching for Richmond Rams : RHP Curt Webber
Batting: RHB Clifton Brown 0-0: Ball
1-0: Ball
2-0: Foul Ball, location: 2F
2-1: Swinging Strike
2-2: Strikes out looking
Batting: RHB Kenneth Waters 0-0: Fly out, F8 (Flyball, 8LM, EV 81.9 MPH)
Batting: RHB Henry Klar 0-0: Foul Ball, location: 2F
0-1: Ball
1-1: Swinging Strike
1-2: Ground out 5-3 (Groundball, 56S, EV 91.2 MPH)
Top of the 3rd over - 0 runs, 0 hits, 0 errors, 0 left on base; Long Island 2 - Richmond 0
BOTTOM OF THE 3RD
Richmond Rams batting - Pitching for Long Island Navigators : RHP Logan Klonowski
Batting: RHB Tommy Dupree 0-0: Ground out 1-3 (Groundball, 15S, EV 67.5 MPH)
Batting: LHB Devin Mucha 0-0: Ball
1-0: Ball
2-0: Ground out U3 (Groundball, 34S, EV 88.8 MPH)
Batting: RHB Linton Makepeace 0-0: Ball
1-0: Called Strike
1-1: Ball
2-1: Swinging Strike
2-2: Foul Ball, location: 2F
2-2: Foul Ball, location: 2F
2-2: Foul Ball, location: 2F
2-2: Strikes out swinging
Bottom of the 3rd over - 0 runs, 0 hits, 0 errors, 0 left on base; Long Island 2 - Richmond 0
TOP OF THE 4TH
Long Island Navigators batting - Pitching for Richmond Rams : RHP Curt Webber
Batting: LHB Grant Lucien 0-0: Ball
1-0: Swinging Strike
1-1: Called Strike
1-2: Ball
2-2: Foul Ball, location: 2F
2-2: Strikes out looking
Batting: SHB Anthone Ornelas 0-0: Foul Ball, location: 2F
0-1: Ball
1-1: Foul Ball, location: 2F
1-2: Fly out, F7 (Line Drive, 78S, EV 91.9 MPH)
Batting: RHB Jon Bowers 0-0: Called Strike
0-1: Foul Ball, location: 2F
0-2: Ball
1-2: Fly out, F7 (Flyball, 7, EV 83.8 MPH)
Top of the 4th over - 0 runs, 0 hits, 0 errors, 0 left on base; Long Island 2 - Richmond 0
BOTTOM OF THE 4TH
Richmond Rams batting - Pitching for Long Island Navigators : RHP Logan Klonowski
Batting: RHB Joseph Gazdaru 0-0: Ball
1-0: Called Strike
1-1: Swinging Strike
1-2: Ball
2-2: Fly out, F8 (Flyball, 89D, EV 96.9 MPH)
Batting: RHB Louis Hockney 0-0: Ground out 6-3 (Groundball, 6, EV 91.9 MPH)
Batting: LHB Logan Sparks 0-0: Ball
1-0: Ball
2-0: Foul Ball, location: 2F
2-1: Ball
3-1: Fly out, F1 (Line Drive, P, EV 66.2 MPH)
Bottom of the 4th over - 0 runs, 0 hits, 0 errors, 0 left on base; Long Island 2 - Richmond 0
TOP OF THE 5TH
Long Island Navigators batting - Pitching for Richmond Rams : RHP Curt Webber
Batting: RHB Seth Benatar 0-0: Ball
1-0: Ball
2-0: Swinging Strike
2-1: Foul Ball, location: 2F
2-2: Ball
3-2: Ground out 6-3 (Groundball, 6, EV 101.2 MPH)
Batting: RHB Martin Bates 0-0: Foul Ball, location: 2F
0-1: Ball
1-1: Ball
2-1: Fly out, F4 (Popup, 34D, EV 73.8 MPH)
Batting: LHB Triston Harris 0-0: Called Strike
0-1: SINGLE (Groundball, 6D, EV 103.1 MPH)
Batting: RHB Clifton Brown 0-0: Called Strike
0-1: Ground out 1-3 (Groundball, 15S, EV 77.5 MPH)
Top of the 5th over - 0 runs, 1 hit, 0 errors, 1 left on base; Long Island 2 - Richmond 0
BOTTOM OF THE 5TH
Richmond Rams batting - Pitching for Long Island Navigators : RHP Logan Klonowski
Batting: RHB Jeremy Hollabaugh 0-0: Called Strike
0-1: Ball
1-1: Ball
2-1: Ball
3-1: SINGLE (Line Drive, 78S, EV 90.0 MPH)
Batting: LHB Jess Hajiev 0-0: Foul Ball, location: 2F
0-1: Ball
1-1: Ball
2-1: Sac Bunt to 3S - play at first, batter OUT! 3-1
Jeremy Hollabaugh to second
Batting: RHB Joey Shelton 0-0: Swinging Strike
0-1: Swinging Strike
0-2: Foul Ball, location: 2F
0-2: Ball
1-2: Ball
2-2: Ball
3-2: SINGLE (Line Drive, 56D, EV 98.8 MPH)
Jeremy Hollabaugh to third
Runner from 3rd tries for Home, SAFE, throw by LF to home
Batting: RHB Tommy Dupree 0-0: Called Strike
0-1: Ball
1-1: Foul Ball, location: 2F
1-2: Ball
Joey Shelton steals 2nd base
2-2: Ball
3-2: Fly out, F9 (Flyball, 9D, EV 102.5 MPH)
Runner from 2nd tags up, SAFE at 3rd, no throw by RF
Batting: LHB Devin Mucha 0-0: Ball
1-0: Ball
2-0: Ball
3-0: Base on Balls
Batting: RHB Linton Makepeace 0-0: Foul Ball, location: 2F
0-1: Ball
1-1: Ball
2-1: Swinging Strike
2-2: Ground out 1-3 (Groundball, 13S, EV 70.6 MPH)
Bottom of the 5th over - 1 run, 2 hits, 0 errors, 2 left on base; Long Island 2 - Richmond 1
TOP OF THE 6TH
Long Island Navigators batting - Pitching for Richmond Rams : RHP Curt Webber
Batting: RHB Kenneth Waters 0-0: Ball
1-0: Called Strike
1-1: Ground out 4-3 (Groundball, 4, EV 103.8 MPH)
Batting: RHB Henry Klar 0-0: Ground out 6-3 (Groundball, 6, EV 101.2 MPH)
Batting: LHB Grant Lucien 0-0: Called Strike
0-1: Swinging Strike
0-2: Ball
1-2: DOUBLE (Line Drive, 8RD, EV 100.0 MPH)
Batting: SHB Anthone Ornelas 0-0: Foul Ball, location: 2F
0-1: Ball
1-1: Foul Ball, location: 2F
1-2: Ball
2-2: SINGLE (Line Drive, 6D, EV 100.6 MPH)
Grant Lucien to third
Runner from 3rd tries for Home, SAFE, throw by LF to home
Batting: RHB Jon Bowers 0-0: Ball
1-0: Ball
2-0: Foul Ball, location: 2F
2-1: Fly out, F7 (Flyball, 7LS, EV 96.9 MPH)
Top of the 6th over - 1 run, 2 hits, 0 errors, 1 left on base; Long Island 3 - Richmond 1
BOTTOM OF THE 6TH
Richmond Rams batting - Pitching for Long Island Navigators : RHP Logan Klonowski
Batting: RHB Joseph Gazdaru 0-0: Ball
1-0: Ball
2-0: Ball
3-0: Called Strike
3-1: DOUBLE (Line Drive, 89XD, EV 114.4 MPH)
Batting: RHB Louis Hockney 0-0: Fly out, F2 (Popup, 23F, EV 83.1 MPH)
Batting: LHB Logan Sparks 0-0: Ball
1-0: Ball
2-0: Ball
Balk!
Joseph Gazdaru to third
3-0: Called Strike
3-1: SINGLE (Groundball, 34D, EV 108.1 MPH)
Joseph Gazdaru scores
Batting: RHB Jeremy Hollabaugh 0-0: Ball
1-0: Ball
2-0: Ball
3-0: Called Strike
3-1: SINGLE (Groundball, 56D, EV 104.4 MPH)
Logan Sparks to second
Pitching: RHP Regis Jacobo
Batting: LHB Jess Hajiev 0-0: Ball
1-0: Swinging Strike
1-1: Swinging Strike
1-2: Strikes out swinging
Batting: RHB Joey Shelton 0-0: Ball
1-0: Ball
2-0: Foul Ball, location: 2F
2-1: Ball
3-1: Foul Ball, location: 2F
3-2: Strikes out swinging
Bottom of the 6th over - 1 run, 3 hits, 0 errors, 2 left on base; Long Island 3 - Richmond 2
TOP OF THE 7TH
Long Island Navigators batting - Pitching for Richmond Rams : RHP Curt Webber
Batting: RHB Seth Benatar 0-0: Ball
1-0: Ball
2-0: Foul Ball, location: 2F
2-1: Fly out, F7 (Flyball, 7LM, EV 97.5 MPH)
Batting: RHB Martin Bates 0-0: Called Strike
0-1: Foul Ball, location: 2F
0-2: Strikes out swinging
Batting: LHB Triston Harris 0-0: Fly out, F8 (Flyball, 78XD, EV 92.5 MPH)
Top of the 7th over - 0 runs, 0 hits, 0 errors, 0 left on base; Long Island 3 - Richmond 2
BOTTOM OF THE 7TH
Richmond Rams batting - Pitching for Long Island Navigators : RHP Regis Jacobo
Batting: RHB Tommy Dupree 0-0: Swinging Strike
0-1: Ball
1-1: Swinging Strike
1-2: Ball
2-2: Ground out 4-3 (Groundball, 4, EV 81.2 MPH)
Batting: LHB Devin Mucha 0-0: Swinging Strike
0-1: Ground out 4-3 (Groundball, 4, EV 105.6 MPH)
Batting: RHB Linton Makepeace 0-0: Ball
1-0: Ball
2-0: Foul Ball, location: 2F
2-1: Ball
3-1: Base on Balls
Batting: RHB Joseph Gazdaru 0-0: Foul Ball, location: 2F
0-1: Fly out, F9 (Flyball, 9S, EV 72.5 MPH)
Bottom of the 7th over - 0 runs, 0 hits, 0 errors, 1 left on base; Long Island 3 - Richmond 2
TOP OF THE 8TH
Long Island Navigators batting - Pitching for Richmond Rams : RHP Curt Webber
Pitching: RHP Job Odhieng
Batting: RHB Clifton Brown 0-0: Called Strike
0-1: Swinging Strike
0-2: Foul Ball, location: 2F
0-2: Ball
1-2: Ball
2-2: Foul Ball, location: 2F
2-2: Foul Ball, location: 2F
2-2: Fly out, F8 (Flyball, 8LM, EV 78.8 MPH)
Batting: RHB Kenneth Waters 0-0: Ball
1-0: Ground out 6-3 (Groundball, 6, EV 105.6 MPH)
Batting: RHB Henry Klar 0-0: Ball
1-0: Ball
2-0: Ground out 5-3 (Groundball, 56, EV 106.9 MPH)
Top of the 8th over - 0 runs, 0 hits, 0 errors, 0 left on base; Long Island 3 - Richmond 2
BOTTOM OF THE 8TH
Richmond Rams batting - Pitching for Long Island Navigators : RHP Regis Jacobo
Batting: RHB Louis Hockney 0-0: Ball
1-0: Ball
2-0: Called Strike
2-1: Swinging Strike
2-2: Strikes out swinging
Batting: LHB Logan Sparks 0-0: Called Strike
0-1: Ball
1-1: Foul Ball, location: 2F
1-2: Ground out 6-3 (Groundball, 6, EV 87.5 MPH)
Batting: RHB Jeremy Hollabaugh 0-0: Called Strike
0-1: Fly out, F7 (Flyball, 7S, EV 91.2 MPH)
Bottom of the 8th over - 0 runs, 0 hits, 0 errors, 0 left on base; Long Island 3 - Richmond 2
TOP OF THE 9TH
Long Island Navigators batting - Pitching for Richmond Rams : RHP Job Odhieng
Batting: LHB Grant Lucien 0-0: Called Strike
0-1: Fly out, F8 (Line Drive, 8LD, EV 96.9 MPH)
Batting: SHB Anthone Ornelas 0-0: Ball
1-0: Swinging Strike
1-1: Ball
2-1: Ball
3-1: Foul Ball, location: 2F
3-2: SINGLE (Groundball, 4MD, EV 98.1 MPH)
Batting: RHB Jon Bowers 0-0: Called Strike
0-1: Ball
1-1: SINGLE (Line Drive, 4D, EV 96.9 MPH)
Anthone Ornelas to second
Batting: RHB Seth Benatar 0-0: Called Strike
0-1: Ball
1-1: Fly out, F8 (Flyball, 78S, EV 88.8 MPH)
Batting: RHB Martin Bates 0-0: Ball
1-0: Called Strike
1-1: Ball
2-1: Foul Ball, location: 2F
2-2: Fly out, F9 (Flyball, 89S, EV 95.0 MPH)
Top of the 9th over - 0 runs, 2 hits, 0 errors, 2 left on base; Long Island 3 - Richmond 2
BOTTOM OF THE 9TH
Richmond Rams batting - Pitching for Long Island Navigators : RHP Regis Jacobo
Pitching: LHP Chase Clawson
Batting: RHB Andy Hugo 0-0: Foul Ball, location: 2F
0-1: Called Strike
0-2: Strikes out looking
Batting: RHB Joey Shelton 0-0: Ball
1-0: Called Strike
1-1: Called Strike
1-2: Ball
2-2: Ball
3-2: Strikes out swinging
Batting: RHB Tommy Dupree 0-0: Called Strike
0-1: Foul Ball, location: 2F
0-2: Ball
1-2: Fly out, F4 (Popup, 23, EV 91.9 MPH)
Bottom of the 9th over - 0 runs, 0 hits, 0 errors, 0 left on base; Long Island 3 - Richmond 2
Friday, March 15th , 2024 - OOTP Baseball 23.10 Build 110